Map: Dusk Towers

Players

Ice

  • Race: Protoss Protoss
  • League: Master

Jimtoni - Winner!

  • Race: Terran Terran
  • League: Master

VOD

Have the link to the VOD?

Description

Time

  • Played on: April 3, 2016, 5:24 p.m.
  • Length: 14:08
Show
View Real Time Build Order
Export as new Build Order

Ice Protoss 

Build Orders: Nexus First 

Get SALT Encoding   

  12  0:01  Probe (Chrono Boost)  
  13  0:12  Probe (Chrono Boost)  
  14  0:18  Pylon  
  14  0:22  Probe (Chrono Boost)  
  15  0:36  Probe (Chrono Boost)  
  16  0:47  Probe (Chrono Boost)  
  17  1:05  Nexus  
  17  1:10  Pylon  
  17  1:17  Gateway  
  17  1:24  Pylon  
  17  1:29  Probe (Chrono Boost)  
  18  1:37  Pylon  
  18  1:46  Pylon  
  18  1:50  Assimilator  
  18  1:52  Gateway, Probe (Chrono Boost)  
  19  1:55  Assimilator  
  19  2:02  Probe (Chrono Boost)  
  19  2:04  Zealot (Chrono Boost)  
  22  2:14  Probe  
  22  2:15  Cybernetics Core  
  23  2:16  Probe  
  24  2:26  Probe  
  24  2:28  Zealot (Chrono Boost)  
  24  2:29  Probe  
  28  2:41  Probe (Chrono Boost)  
  33  2:51  Mothership Core (Chrono Boost)  
  33  2:52  Adept  
  33  2:55  Adept  
  35  3:01  Probe (Chrono Boost)  
  36  3:10  Probe (Chrono Boost)  
  36  3:12  Probe (Chrono Boost)  
  38  3:20  Probe (Chrono Boost)  
  38  3:26  Pylon  
  39  3:28  Pylon  
  39  3:30  Assimilator  
  39  3:34  Assimilator, Warp Gate  
  39  3:43  Stargate  
  39  3:44  Probe x2 (Chrono Boost)  
  41  3:55  Probe x2 (Chrono Boost)  
  43  4:00  Gateway  
  43  4:02  Forge  
  43  4:05  Probe x2 (Chrono Boost)  
  45  4:16  Probe x2 (Chrono Boost)  
  47  4:20  Robotics Facility  
  47  4:26  Probe x2 (Chrono Boost)  
  47  4:28  Pylon  
  47  4:31  Oracle (Chrono Boost)  
  52  4:35  Protoss Ground Weapons Level 1  
  52  4:41  Adept  
  54  4:46  Adept  
  54  4:48  Adept  
  54  4:50  Pylon  
  54  4:52  Probe  
  58  4:53  Probe  
  60  5:02  Phoenix (Chrono Boost)  
  62  5:07  Probe  
  62  5:08  Probe  
  62  5:09  Observer  
  65  5:17  Probe  
  68  5:28  Phoenix (Chrono Boost)  
  68  5:29  Nexus  
  68  6:01  Phoenix (Chrono Boost)  
  70  6:10  Gateway, Pylon x2  
  70  6:13  Pylon  
  70  6:14  Gateway  
  70  6:20  Pylon  
  70  6:22  Gateway x2  
  70  6:27  Twilight Council  
  70  6:28  Immortal (Chrono Boost)  
  70  6:29  Pylon  
  70  6:31  Pylon  
  74  6:33  Adept  
  74  6:34  Probe x2  
  78  6:45  Adept  
  82  6:54  Adept  
  82  7:00  Adept  
  84  7:07  Stalker  
  86  7:11  Stalker  
  86  7:12  Stalker  
  90  7:18  Pylon  
  90  7:19  Stalker x2, Zealot  
  90  7:20  Pylon  
  96  7:23  Zealot  
  98  7:34  Pylon  
  98  7:51  Nexus  
  98  7:53  Resonating Glaives  
  98  8:00  Protoss Ground Weapons Level 2 (Chrono Boost)  
  98  8:08  Robotics Bay  
  98  8:10  Gateway  
  98  8:14  Robotics Facility  
  98  8:22  Pylon  
  98  8:24  Pylon  
  98  8:33  Phoenix  
  100  8:36  Immortal (Chrono Boost)  
  104  8:42  Zealot x2  
  104  8:44  Adept  
  110  8:58  Phoenix, Zealot  
  110  8:59  Zealot x3  
  110  9:02  Disruptor (Chrono Boost)  
  120  9:10  Pylon  
  120  9:16  Sentry  
  120  9:17  Sentry x2  
  124  9:19  Zealot  
  124  9:20  Zealot  
  124  9:22  Sentry  
  124  9:23  Sentry  
  134  9:27  Disruptor (Chrono Boost)  
  93  9:45  Adept  
  93  9:46  Adept x4  
  102  9:53  Observer (Chrono Boost), Adept x2  
  102  9:59  Observer (Chrono Boost)  
  85  10:26  Stalker  
  85  10:27  Stalker x6  
  99  10:32  Probe x2  
  99  10:33  Probe  
  98  10:43  Probe  
  98  10:44  Probe x2  
  98  10:46  Disruptor (Chrono Boost)  
  104  10:53  Assimilator  
  104  10:56  Probe  
  105  10:57  Assimilator  
  105  11:03  Disruptor (Chrono Boost), Phoenix  
  110  11:09  Adept x2  
  114  11:13  Adept  
  114  11:17  Adept  
  118  11:24  Disruptor (Chrono Boost)  
  118  11:25  Adept  
  123  11:34  Protoss Ground Armor Level 1  
  123  11:37  Adept x3  
  129  11:40  Sentry  
  129  11:41  Sentry  
  133  11:47  Adept x2  
  133  11:51  Zealot  
  139  12:00  Immortal (Chrono Boost)  
  143  12:16  Nexus  
  101  12:31  Adept x6  
  105  12:41  Immortal (Chrono Boost)  
  109  12:47  Pylon  
  109  12:49  Pylon  
  109  12:54  Templar Archives  
  109  13:01  Adept  
  109  13:02  Adept x2  
  109  13:05  Adept  
  117  13:08  Adept  
  117  13:11  Adept  
  121  13:14  Adept  
  123  13:20  Zealot  
  123  13:22  Disruptor (Chrono Boost)  
  123  13:26  Disruptor (Chrono Boost)  
  131  13:33  High Templar x3  
  131  13:34  High Templar x2  
  139  13:38  Archon x2  
Show
View Real Time Build Order
Export as new Build Order

Jimtoni Terran - Winner!

Build Orders: Reaper Expand, MMM Bio 

Get SALT Encoding   

  12  0:00  SCV  
  13  0:13  SCV  
  14  0:17  Supply Depot  
  14  0:25  SCV  
  15  0:39  SCV, Barracks  
  16  0:43  Refinery  
  16  0:51  SCV  
  17  1:03  SCV  
  18  1:15  SCV  
  19  1:27  Orbital Command  
  19  1:28  Reaper  
  20  1:48  Command Center  
  20  1:53  SCV  
  21  1:59  Supply Depot  
  22  2:03  Barracks Reactor  
  22  2:07  SCV  
  22  2:12  Barracks  
  22  2:19  SCV  
  23  2:23  Bunker  
  23  2:31  SCV  
  23  2:34  Engineering Bay  
  24  2:39  Marine x2  
  24  2:44  SCV  
  27  2:56  SCV  
  27  2:58  Marine x2  
  30  2:59  Barracks Tech Lab  
  30  3:08  SCV  
  31  3:23  Marine x2  
  31  3:24  Marauder  
  31  3:25  Stimpack  
  34  3:29  SCV  
  34  3:33  Orbital Command  
  35  3:35  Terran Infantry Armor Level 1  
  35  3:40  Marine  
  35  3:41  SCV, Marine  
  38  3:47  Missile Turret  
  38  3:49  Marauder  
  38  3:53  SCV  
  41  3:59  Refinery  
  41  4:00  Refinery  
  41  4:04  Factory  
  41  4:05  SCV  
  41  4:06  Marine  
  41  4:08  Marine  
  44  4:11  SCV  
  45  4:17  SCV, Missile Turret  
  46  4:30  Supply Depot  
  46  4:39  Supply Depot  
  46  4:48  Starport  
  46  4:49  Factory Reactor  
  46  4:51  SCV, Marine x2  
  46  4:52  SCV, Marauder  
  52  4:56  Supply Depot  
  52  5:04  SCV x2  
  54  5:09  Marine x2  
  54  5:10  Supply Depot  
  54  5:13  Marauder  
  58  5:16  SCV x2  
  60  5:25  Supply Depot  
  60  5:28  SCV x2  
  62  5:29  Terran Infantry Weapons Level 1, Marine x2  
  62  5:35  Marauder  
  66  5:40  SCV  
  67  5:48  Command Center, Marine  
  67  5:49  Marine  
  69  5:50  Medivac x2  
  69  5:51  Factory Reactor  
  71  6:00  Supply Depot  
  71  6:02  SCV x2  
  73  6:07  Armory  
  73  6:10  Engineering Bay  
  73  6:11  Marine x2  
  73  6:13  Marauder  
  73  6:16  SCV x2  
  79  6:26  Supply Depot  
  79  6:30  Barracks  
  79  6:31  Widow Mine x2  
  79  6:32  Marine  
  83  6:35  Marine  
  83  6:38  SCV  
  83  6:39  SCV  
  87  6:45  Marine  
  88  6:51  SCV x2  
  90  6:58  Medivac x2  
  90  6:59  Marine x2  
  96  7:03  SCV x2  
  96  7:07  Bunker  
  98  7:11  Supply Depot  
  98  7:13  Terran Infantry Armor Level 2  
  98  7:15  SCV  
  99  7:18  Orbital Command  
  99  7:22  Barracks Reactor  
  99  7:25  Barracks  
  99  7:29  Barracks  
  99  7:32  Marine x2  
  99  7:33  Marauder  
  99  7:36  Terran Infantry Weapons Level 2  
  103  7:42  SCV x2  
  105  7:44  Supply Depot  
  105  7:48  SCV  
  105  7:50  Marine x2  
  108  7:53  Combat Shields  
  108  7:54  SCV x2, Marine  
  108  7:55  Widow Mine x2  
  115  7:59  Marine x2  
  115  8:00  SCV  
  115  8:03  Missile Turret  
  118  8:06  SCV x2  
  118  8:07  Supply Depot  
  118  8:08  Marine  
  118  8:10  Medivac  
  118  8:11  Supply Depot  
  118  8:12  Viking  
  125  8:14  Barracks Reactor  
  125  8:17  Barracks Tech Lab  
  125  8:19  Marine x2  
  125  8:20  Marauder, Marine  
  125  8:24  Refinery x2  
  125  8:26  Marine  
  131  8:34  SCV x2  
  131  8:35  SCV  
  131  8:36  Supply Depot  
  131  8:37  Supply Depot, Marine x2  
  131  8:39  Widow Mine x2  
  131  8:40  Liberator, Medivac  
  142  8:41  Marauder  
  144  8:49  Marine x2  
  144  8:50  Marauder, Marine  
  152  9:03  Marauder, Marine x2  
  156  9:10  Barracks  
  156  9:11  Barracks  
  156  9:12  Marauder, Supply Depot  
  156  9:15  Marine x4  
  162  9:21  Marine x2  
  162  9:22  Command Center  
  164  9:31  Terran Infantry Armor Level 3  
  164  9:33  Marine x4  
  164  9:34  Marauder x2  
  168  9:39  Marine x2  
  141  9:46  SCV x2  
  141  9:51  Marine x4  
  135  9:54  Marine  
  135  9:55  Marauder  
  135  9:56  Widow Mine x2, Medivac x2, Marine x2  
  135  9:59  Barracks  
  133  10:07  Barracks Tech Lab  
  133  10:08  Barracks Reactor, Marine  
  133  10:09  Liberator, Marine x3  
  133  10:13  Marauder  
  134  10:14  Marine  
  134  10:18  Marine x2  
  126  10:23  Liberator  
  126  10:24  Widow Mine  
  126  10:26  Marine x2  
  126  10:27  Concussive Shells, Marine  
  134  10:34  Marauder  
  134  10:37  Marauder, Planetary Fortress  
  133  10:43  Marine x4  
  133  10:44  Marine  
  138  10:51  Starport  
  138  10:52  Supply Depot, Liberator  
  138  10:55  Marauder  
  140  11:01  Marine x3  
  140  11:02  Marauder x2, Marine x2  
  140  11:04  Marine x2  
  154  11:12  Supply Depot, Marine  
  154  11:14  Barracks Tech Lab  
  154  11:17  Marauder  
  157  11:19  Liberator, Marine x4  
  157  11:23  Marauder  
  157  11:24  Marauder, Supply Depot  
  165  11:28  Marine x3  
  165  11:29  Marine  
  169  11:34  Marine  
  169  11:37  Marine  
  169  11:38  Marauder, Starport Reactor  
  176  11:45  Marauder x2, Supply Depot  
  180  11:49  Marine x7  
  180  11:52  Marauder  
  189  11:55  Supply Depot, Marine  
  189  12:00  Marauder  
  192  12:06  Marauder x2, Marine x2  
  198  12:09  Supply Depot  
  198  12:14  Terran Ship Weapons Level 1, Armory  
  198  12:22  Marine x3  
  167  12:23  Marauder  
  153  12:30  Marine x2  
  153  12:31  Marauder, Marine  
  153  12:32  Marine  
  153  12:33  Medivac x4  
  167  12:44  Refinery  
  167  12:45  Marine x5  
  167  12:46  Marauder  
  167  12:47  Refinery, Command Center  
  174  12:55  Marine  
  174  12:56  Marine x4  
  174  12:57  Marauder  
  181  12:58  Ghost Academy  
  181  13:02  Marine  
  181  13:03  Marine x2  
  181  13:04  Marine x2  
  186  13:07  Marine  
  187  13:13  Marine x2  
  187  13:14  Marauder, Marine x2  
  187  13:18  Marauder  
  195  13:20  Marine x2  
  195  13:21  Marine x2  
  195  13:24  Marine  
Tags
 
Add a new tag
Caveats
  • Supply blocks, unpowered buildings, or Contaminate may cause inaccurate times.
  • Supply counts are checked every 10 seconds.